Mustangs vs Demolitions (R1)

Created - January 8, 2018 at 19:12

Goals
1 2 3 OT1 T
Mustangs 0 1 0 1 2
Demolitions 1 0 0 0 1
Shots
1 2 3 OT1 T
Mustangs 12 8 8 4 32
Demolitions 6 10 10 0 26

1st period

1. Demolitions , Vince Rocco 2 (Erik Condra 16) at 16:02

Penalties :
Francis Paré (Ham) for Cross-checking (Minor) at 1:33, Tomas Tatar (Ham) for Boarding (Minor) at 7:16, Tomas Tatar (Ham) for Tripping (Minor) at 11:56, Bobby Butler (Vic) for Tripping (Minor) at 17:09

2nd period

2. Mustangs , Justin Williams 4 (Riley Sheahan 44) at 11:17 (SH)

Penalties :
Vince Rocco (Vic) for Roughing (Minor) at 5:45, Brady Skjei (Ham) for Tripping (Minor) at 11:05, Mike Sauer (Vic) for Close Hand On Puck (Minor) at 15:55

3rd period

No Goal

Penalties :
Mike Sauer (Vic) for Tripping (Minor) at 14:47

Overtime #1

3. Mustangs , Marcus Foligno 15 (Cameron Gaunce 20, Derek Joslin 14) at 1:58

Penalties :
No Penalty

Goalie Stats

Peter Mannino (Ham), 25 saves from 26 shots - (0.962), W, 14-10-3, 61:58 minutes
Joe Cannata (Vic), 30 saves from 32 shots - (0.938), OTL, 6-10-4, 61:58 minutes

Players Stats for Mustangs

Player Name              G  A  P  +/- PIM S  H  SB GA TA FO     MP     PP MP  PK MP  
------------------------------------------------------------------------------------
Andreas Athanasiou       0  0  0   0  0   0  0  0  0  0  0/1     6:55   0:00   0:00 
Andrew Shaw              0  0  0   0  0   2  1  0  0  0  1/1    11:02   0:00   0:00 
Brady Skjei              0  0  0   0  2   0  0  0  0  1  0/0    11:17   0:00   0:00 
Cameron Gaunce           0  1  1   1  0   2  1  2  1  1  0/0    25:47   4:46   4:48 
Curtis Hamilton          0  0  0   0  0   0  0  0  0  0  0/0     6:55   0:00   0:00 
Danny Biega              0  0  0   0  0   0  0  0  0  0  0/0     0:17   0:00   0:00 
Denis Bodrov             0  0  0   0  0   2  1  0  1  0  0/0    19:03   3:10   3:08 
Derek Joslin             0  1  1   1  0   3  1  2  0  1  0/0    25:47   4:46   4:48 
Dominik Uher             0  0  0   0  0   0  0  0  0  0  0/1     2:26   0:00   1:25 
Eric Knodel              0  0  0   0  0   0  0  1  0  0  0/0     5:39   0:00   0:00 
Francis Paré             0  0  0   0  2   0  1  0  0  0  0/0     7:23   0:00   0:00 
Jim O'Brien              0  0  0  -1  0   4  1  0  0  0  8/14   14:55   3:41   0:00 
Joe Finley               0  0  0   0  0   0  1  1  0  0  0/0    11:12   0:00   0:00 
Josh Jooris              0  0  0  -1  0   3  3  0  0  0  0/0    14:55   3:41   0:00 
Joshua Leivo             0  0  0   0  0   4  0  1  1  0  0/0    11:02   0:00   0:00 
Justin Williams          1  0  1   1  0   4  1  0  0  2  7/14   24:31   4:15   5:00 
Marcus Foligno           1  0  1   0  0   2  0  0  0  0  0/0    17:59   3:41   2:36 
Mark Pysyk               0  0  0   0  0   2  0  0  0  1  0/0    19:03   3:10   3:08 
Matthew Finn             0  0  0   0  0   0  0  0  0  0  0/0     0:17   0:00   0:00 
Max Gortz                0  0  0   0  0   0  0  0  0  0  0/0     0:50   0:00   0:00 
Riley Nash               0  0  0   0  0   0  1  0  0  1  6/8    11:02   0:00   0:00 
Riley Sheahan            0  1  1   1  0   1  0  0  0  1  9/19   24:31   4:15   5:08 
Roman Horak              0  0  0   0  0   0  0  0  0  0  0/1     1:52   0:00   0:30 
Scott Mayfield           0  0  0   0  0   0  0  0  0  0  0/0     5:39   0:00   0:00 
Tomas Tatar              0  0  0   1  4   3  2  0  0  1  1/1    19:33   4:15   1:13 

Players Stats for Demolitions

Player Name              G  A  P  +/- PIM S  H  SB GA TA FO     MP     PP MP  PK MP  
------------------------------------------------------------------------------------
Alex Hutchings           0  0  0  -1  0   0  0  0  0  0  0/0     2:08   0:00   1:38 
Andrew Campbell          0  0  0   1  0   0  1  0  0  0  0/0    21:34   2:51   4:02 
Billy Sweat              0  0  0   0  0   3  2  0  0  0  0/0    12:07   0:00   0:00 
Bobby Butler             0  0  0  -1  2   3  0  0  1  1  0/1    22:01   4:27   3:01 
Erik Condra              0  1  1   1  0   9  1  0  1  0  1/1    19:42   3:29   2:04 
Frazer Mclaren           0  0  0   1  0   1  1  0  0  0  0/1    17:13   3:29   0:00 
Ian Cole                 0  0  0  -2  0   2  1  4  1  0  0/0    28:16   5:05   3:54 
Jack Skille              0  0  0   0  0   0  3  1  1  0  0/0    14:37   0:00   2:04 
Josh Beaulieu            0  0  0  -1  0   0  0  1  0  0  0/0     2:19   0:09   0:12 
Martins Karsums          0  0  0  -1  0   2  0  1  1  0  8/14   25:46   4:27   3:58 
Mike Sauer               0  0  0   1  4   1  3  1  1  1  0/0    19:45   2:51   2:13 
Mitchell Moroz           0  0  0   0  0   0  0  0  0  0  0/0     3:03   0:00   2:18 
Nick Pryor               0  0  0   0  0   0  0  0  0  0  0/0     4:40   0:00   0:34 
Nicolas Blanchard        0  0  0  -1  0   1  4  0  1  0  11/21  17:01   4:18   0:00 
Robert Bortuzzo          0  0  0   0  0   0  1  1  0  0  0/0    11:57   0:00   0:00 
Ryan Olsen               0  0  0   0  0   1  0  0  0  1  2/6    12:47   0:00   0:37 
Ryan Russell             0  0  0   0  0   0  0  0  0  0  0/0     4:46   0:00   0:00 
Seth Helgeson            0  0  0  -2  0   0  1  1  2  0  0/0    24:57   5:05   3:54 
Taylor Aronson           0  0  0   0  0   0  1  1  0  0  0/0    13:12   0:00   1:15 
Taylor Leier             0  0  0   0  0   0  0  0  0  0  0/0     0:00   0:00   0:00 
Thomas DiPauli           0  0  0   0  0   0  0  0  0  0  0/3     4:46   0:00   0:00 
Vince Rocco              1  0  1   1  2   3  2  0  0  0  6/13   17:15   3:29   0:00 

3 Stars

1 - Peter Mannino (Ham)
2 - Justin Williams (Ham)
3 - Marcus Foligno (Ham)

Power Play

Mustangs - 0 on 4 Attempt(s) - 0.00%
Demolitions - 0 on 4 Attempt(s) - 0.00%

Penalty Kill

Mustangs - 4 on 4 Attempt(s) - 100.00% - Score 1 goal in Penalty Kill
Demolitions - 4 on 4 Attempt(s) - 100.00% - Score 0 goal in Penalty Kill

Team Stat

Mustangs - Hits : 14 - Faceoff Wins : 32 - Blocked Shots : 7 - Penalty Minutes : 8
Demolitions - Hits : 21 - Faceoff Wins : 28 - Blocked Shots : 11 - Penalty Minutes : 8

Official

Referees : Rehman Kyle and Martell Rob
Linesman : Shane Heyer and Lyle Seitz

Game Notes

No Game Note

Finance

Level 1 -- Attendance: 1385 (69.25%) -- Ticket Income $55,400
Level 2 -- Attendance: 660 (66.00%) -- Ticket Income $13,200
Total Attendance: 2045 (68.17%)
Total Ticket Income: $68,600
Other Income: $3,430
Total Income: $72,030

Mustangs

5 vs 5 Forward 
   Center                   Left Wing                Right Wing               Time % Phy DF OF 
 1 Riley Sheahan            Tomas Tatar              Justin Williams          40     1   2  2  
 2 Jim O'Brien              Marcus Foligno           Josh Jooris              30     1   2  2  
 3 Riley Nash               Joshua Leivo             Andrew Shaw              20     1   2  2  
 4 Andreas Athanasiou       Curtis Hamilton          Francis Paré             10     1   2  2  

5 vs 5 Defense 
   Defense                  Defense                                           Time % Phy DF OF 
 1 Derek Joslin             Cameron Gaunce                                    40     1   2  2  
 2 Denis Bodrov             Mark Pysyk                                        30     1   2  2  
 3 Joe Finley               Brady Skjei                                       20     1   2  2  
 4 Scott Mayfield           Eric Knodel                                       10     1   2  2  

PowerPlay Forward 
   Center                   Left Wing                Right Wing               Time % Phy DF OF 
 1 Riley Sheahan            Tomas Tatar              Justin Williams          60     1   2  2  
 2 Jim O'Brien              Marcus Foligno           Josh Jooris              40     1   2  2  

PowerPlay Defense
   Defense                  Defense                                           Time % Phy DF OF 
 1 Derek Joslin             Cameron Gaunce                                    60     1   2  2  
 2 Denis Bodrov             Mark Pysyk                                        40     1   2  2  

Penalty Kill 4 Players Forward 
   Center                   Wing                     Time % Phy DF OF 
 1 Justin Williams          Riley Sheahan            60     1   2  2  
 2 Tomas Tatar              Marcus Foligno           40     1   2  2  

Penalty Kill 4 Players Defense
   Defense                  Defense                  Time % Phy DF OF 
 1 Derek Joslin             Cameron Gaunce           60     1   2  2  
 2 Denis Bodrov             Mark Pysyk               40     1   2  2  

Penalty Kill - 3 Players Forward 
   Forward                                           Time % Phy DF OF 
 1 Justin Williams                                   60     1   2  2  
 2 Riley Sheahan                                     40     1   2  2  

Penalty Kill - 3 Players Defense
   Defense                  Defense                  Time % Phy DF OF 
 1 Derek Joslin             Cameron Gaunce           60     1   2  2  
 2 Denis Bodrov             Mark Pysyk               40     1   2  2  

4 vs 4 Forward 
   Center                   Wing                     Time % Phy DF OF 
 1 Justin Williams          Riley Sheahan            60     1   2  2  
 2 Tomas Tatar              Marcus Foligno           40     1   2  2  

4 vs 4 Defense
   Defense                  Defense                  Time % Phy DF OF 
 1 Derek Joslin             Cameron Gaunce           60     1   2  2  
 2 Denis Bodrov             Mark Pysyk               40     1   2  2  

Last Minutes Offensive
   Center                   Left Wing                Right Wing               Defense                  Defense                  
   Riley Sheahan            Tomas Tatar              Justin Williams          Derek Joslin             Cameron Gaunce           

Last Minutes Defensive
   Center                   Left Wing                Right Wing               Defense                  Defense                  
   Riley Sheahan            Tomas Tatar              Justin Williams          Derek Joslin             Cameron Gaunce           

Goaltenders
Starting : Peter Mannino            
Backup : Chet Pickard             

Extra Forwards
Normal : Roman Horak, Max Gortz, Dominik Uher - PP : Roman Horak, Max Gortz - PK : Dominik Uher
Extra Defensemen
Normal : Danny Biega, Matthew Finn, Joe Finley - PP : Danny Biega - PK : Matthew Finn, Joe Finley
Penalty Shots
Justin Williams, Riley Sheahan, Tomas Tatar, Marcus Foligno, Josh Jooris

Scratches
Alexei Marchenko (Torn Left Knee Ligaments Injury), Jerome Samson (Broken Right Foot Toe Injury), Raphael Bussieres (Healthy), Sam Kurker (Healthy), Rick Schofield (Right Ankle Injury)
Justin Peters (Healthy), Joacim Eriksson (Healthy)

Demolitions

5 vs 5 Forward 
   Center                   Left Wing                Right Wing               Time % Phy DF OF 
 1 Nicolas Blanchard        Bobby Butler             Martins Karsums          40     1   2  2  
 2 Vince Rocco              Frazer Mclaren           Erik Condra              30     1   2  2  
 3 Ryan Olsen               Billy Sweat              Jack Skille              20     1   2  2  
 4 Thomas DiPauli           Ryan Russell             Martins Karsums          10     1   2  2  

5 vs 5 Defense 
   Defense                  Defense                                           Time % Phy DF OF 
 1 Ian Cole                 Seth Helgeson                                     40     1   2  2  
 2 Mike Sauer               Andrew Campbell                                   30     1   2  2  
 3 Robert Bortuzzo          Taylor Aronson                                    20     1   2  2  
 4 Nick Pryor               Ian Cole                                          10     1   2  2  

PowerPlay Forward 
   Center                   Left Wing                Right Wing               Time % Phy DF OF 
 1 Nicolas Blanchard        Bobby Butler             Martins Karsums          60     1   2  2  
 2 Vince Rocco              Frazer Mclaren           Erik Condra              40     1   2  2  

PowerPlay Defense
   Defense                  Defense                                           Time % Phy DF OF 
 1 Ian Cole                 Seth Helgeson                                     60     1   2  2  
 2 Mike Sauer               Andrew Campbell                                   40     1   2  2  

Penalty Kill 4 Players Forward 
   Center                   Wing                     Time % Phy DF OF 
 1 Martins Karsums          Bobby Butler             60     1   2  2  
 2 Erik Condra              Jack Skille              40     1   2  2  

Penalty Kill 4 Players Defense
   Defense                  Defense                  Time % Phy DF OF 
 1 Ian Cole                 Seth Helgeson            60     1   2  2  
 2 Mike Sauer               Andrew Campbell          40     1   2  2  

Penalty Kill - 3 Players Forward 
   Forward                                           Time % Phy DF OF 
 1 Martins Karsums                                   60     1   2  2  
 2 Bobby Butler                                      40     1   2  2  

Penalty Kill - 3 Players Defense
   Defense                  Defense                  Time % Phy DF OF 
 1 Ian Cole                 Seth Helgeson            60     1   2  2  
 2 Mike Sauer               Andrew Campbell          40     1   2  2  

4 vs 4 Forward 
   Center                   Wing                     Time % Phy DF OF 
 1 Martins Karsums          Bobby Butler             60     1   2  2  
 2 Erik Condra              Jack Skille              40     1   2  2  

4 vs 4 Defense
   Defense                  Defense                  Time % Phy DF OF 
 1 Ian Cole                 Seth Helgeson            60     1   2  2  
 2 Mike Sauer               Andrew Campbell          40     1   2  2  

Last Minutes Offensive
   Center                   Left Wing                Right Wing               Defense                  Defense                  
   Nicolas Blanchard        Bobby Butler             Martins Karsums          Ian Cole                 Seth Helgeson            

Last Minutes Defensive
   Center                   Left Wing                Right Wing               Defense                  Defense                  
   Nicolas Blanchard        Bobby Butler             Martins Karsums          Ian Cole                 Seth Helgeson            

Goaltenders
Starting : Joe Cannata              
Backup : Olivier Roy              

Extra Forwards
Normal : Josh Beaulieu, Alex Hutchings, Mitchell Moroz - PP : Josh Beaulieu, Alex Hutchings - PK : Mitchell Moroz
Extra Defensemen
Normal : Robert Bortuzzo, Taylor Aronson, Nick Pryor - PP : Robert Bortuzzo - PK : Taylor Aronson, Nick Pryor
Penalty Shots
Martins Karsums, Bobby Butler, Erik Condra, Jack Skille, Frazer Mclaren

Scratches
Corban Knight (Broken Bone (Left Leg) Injury), Darren Helm (Broken Bone (Right Ankle) Injury), Ryan Bayda (Fractured Bone in Left Hand Injury), Brandon McMillan (Lower Body Injury), Jake Paterson (Healthy)
Jussi Rynnas (Healthy)

% Time on Ice - Mustangs

Lines # - Real PCT - Wanted PCT - Time Play
Normal Forward
1 - 32% - 40% - 14:14
2 - 27% - 30% - 11:57
3 - 25% - 20% - 11:02
4 - 16% - 10% - 6:55
Normal Defense
1 - 35% - 40% - 15:17
2 - 27% - 30% - 12:00
3 - 25% - 20% - 11:12
4 - 13% - 10% - 5:39
PP Forward
1 - 54% - 60% - 4:15
2 - 46% - 40% - 3:41
PP Defense
1 - 60% - 60% - 4:46
2 - 40% - 40% - 3:10
PK Forward
1 - 67% - 60% - 5:20
2 - 33% - 40% - 2:36
PK Defense
1 - 61% - 60% - 4:48
2 - 39% - 40% - 3:08
PK3 Forward
1 - 0% - 60%
2 - 0% - 40%
PK3 Defense
1 - 0% - 60%
2 - 0% - 40%
44 Forward
1 - 76% - 60% - 1:30
2 - 24% - 40% - 0:28
44 Defense
1 - 62% - 60% - 1:13
2 - 38% - 40% - 0:45
Last Minute Offensive  - 0:00
Last Minute Defensive  - 0:00
Total
Forward - 61:58
Defense - 61:58

% Time on Ice - Demolitions

Lines # - Real PCT - Wanted PCT - Time Play
Normal Forward
1 - 31% - 40% - 13:31
2 - 31% - 30% - 13:44
3 - 27% - 20% - 12:07
4 - 11% - 10% - 4:46
Normal Defense
1 - 33% - 40% - 14:31
2 - 32% - 30% - 14:10
3 - 27% - 20% - 11:57
4 - 8% - 10% - 3:30
PP Forward
1 - 56% - 60% - 4:27
2 - 44% - 40% - 3:29
PP Defense
1 - 64% - 60% - 5:05
2 - 36% - 40% - 2:51
PK Forward
1 - 74% - 60% - 5:52
2 - 26% - 40% - 2:04
PK Defense
1 - 49% - 60% - 3:54
2 - 51% - 40% - 4:02
PK3 Forward
1 - 0% - 60%
2 - 0% - 40%
PK3 Defense
1 - 0% - 60%
2 - 0% - 40%
44 Forward
1 - 79% - 60% - 1:33
2 - 21% - 40% - 0:25
44 Defense
1 - 64% - 60% - 1:16
2 - 36% - 40% - 0:42
Last Minute Offensive  - 0:00
Last Minute Defensive  - 0:00
Total
Forward - 61:58
Defense - 61:58

Play by Play

1st period


0:01 of 1st period - Nicolas Blanchard wins face-off versus Riley Sheahan in neutral zone.
0:10 of 1st period - Snap shot by Bobby Butler.
0:10 of 1st period - Shot Misses the Net.
0:12 of 1st period - Snap shot by Martins Karsums.
0:12 of 1st period - Stopped by Peter Mannino without a rebound.
0:13 of 1st period - Vince Rocco wins face-off versus Jim O'Brien in Mustangs zone.
0:28 of 1st period - Snap shot by Erik Condra.
0:28 of 1st period - Stopped by Peter Mannino without a rebound.
0:29 of 1st period - Andrew Shaw wins face-off versus Ryan Olsen in Mustangs zone.
1:27 of 1st period - Ian Cole is hit by Joe Finley and loses puck.
1:33 of 1st period - Minor Penalty to Francis Paré for Cross-checking.
1:34 of 1st period - Justin Williams wins face-off versus Nicolas Blanchard in Mustangs zone.
2:24 of 1st period - Riley Sheahan is hit by Vince Rocco and loses puck.
3:33 of 1st period - Penalty to Francis Paré is over, Francis Paré is back on ice.
4:30 of 1st period - Robert Bortuzzo is hit by Josh Jooris and loses puck.
5:06 of 1st period - Off-side.
5:07 of 1st period - Riley Nash wins face-off versus Ryan Olsen in neutral zone.
5:22 of 1st period - Wrist shot by Joshua Leivo.
5:22 of 1st period - Stopped by Joe Cannata without a rebound.
5:23 of 1st period - Nicolas Blanchard wins face-off versus Jim O'Brien in Demolitions zone.
6:00 of 1st period - Wrist shot by Frazer Mclaren.
6:00 of 1st period - Shot Blocked by Cameron Gaunce.
6:02 of 1st period - Wrist shot by Erik Condra.
6:02 of 1st period - Stopped by Peter Mannino without a rebound.
6:03 of 1st period - Ryan Olsen wins face-off versus Jim O'Brien in Mustangs zone.
6:11 of 1st period - Icing by Marcus Foligno.
6:12 of 1st period - Jim O'Brien wins face-off versus Ryan Olsen in Mustangs zone.
6:19 of 1st period - Snap shot by Josh Jooris.
6:19 of 1st period - Stopped by Joe Cannata without a rebound.
6:20 of 1st period - Nicolas Blanchard wins face-off versus Riley Sheahan in Demolitions zone.
6:47 of 1st period - Marcus Foligno is hit by Ian Cole and loses puck.
6:56 of 1st period - Icing by Seth Helgeson.
6:57 of 1st period - Vince Rocco wins face-off versus Riley Sheahan in Demolitions zone.
7:02 of 1st period - Mark Pysyk is hit by Vince Rocco and loses puck.
7:16 of 1st period - Minor Penalty to Tomas Tatar for Boarding.
7:17 of 1st period - Martins Karsums wins face-off versus Justin Williams in Mustangs zone.
7:34 of 1st period - Off-side.
7:35 of 1st period - Justin Williams wins face-off versus Vince Rocco in neutral zone.
7:41 of 1st period - Icing by Seth Helgeson.
7:42 of 1st period - Justin Williams wins face-off versus Vince Rocco in Demolitions zone.
7:53 of 1st period - Slapshot by Justin Williams.
7:53 of 1st period - Deflect By Riley Sheahan.
7:53 of 1st period - Shot Misses the Net.
7:53 of 1st period - Puck is out of play.
7:54 of 1st period - Nicolas Blanchard wins face-off versus Justin Williams in Demolitions zone.
7:54 of 1st period - Nicolas Blanchard is hit by Cameron Gaunce.
8:53 of 1st period - Off-side.
8:54 of 1st period - Erik Condra wins face-off versus Dominik Uher in neutral zone.
9:16 of 1st period - Penalty to Tomas Tatar is over, Tomas Tatar is back on ice.
9:21 of 1st period - Snap shot by Andrew Shaw.
9:21 of 1st period - Stopped by Joe Cannata without a rebound.
9:22 of 1st period - Riley Nash wins face-off versus Nicolas Blanchard in Demolitions zone.
10:06 of 1st period - Wrist shot by Marcus Foligno.
10:06 of 1st period - Shot Misses the Net.
10:12 of 1st period - Wrist shot by Marcus Foligno.
10:12 of 1st period - Deflect By Jim O'Brien.
10:12 of 1st period - Stopped by Joe Cannata without a rebound.
10:13 of 1st period - Nicolas Blanchard wins face-off versus Jim O'Brien in Demolitions zone.
10:18 of 1st period - Snap shot by Bobby Butler.
10:18 of 1st period - Shot Misses the Net.
10:43 of 1st period - Wrist shot by Erik Condra.
10:43 of 1st period - Stopped by Peter Mannino without a rebound.
10:44 of 1st period - Riley Sheahan wins face-off versus Vince Rocco in Mustangs zone.
10:57 of 1st period - Snap shot by Justin Williams.
10:57 of 1st period - Stopped by Joe Cannata without a rebound.
10:58 of 1st period - Riley Sheahan wins face-off versus Bobby Butler in Demolitions zone.
11:09 of 1st period - Snap shot by Bobby Butler.
11:09 of 1st period - Shot Misses the Net.
11:11 of 1st period - Wrist shot by Martins Karsums.
11:11 of 1st period - Deflect By Bobby Butler.
11:11 of 1st period - Shot Blocked by Derek Joslin.
11:11 of 1st period - Puck is out of play.
11:12 of 1st period - Jim O'Brien wins face-off versus Nicolas Blanchard in Mustangs zone.
11:50 of 1st period - Frazer Mclaren is hit by Tomas Tatar and loses puck.
11:56 of 1st period - Minor Penalty to Tomas Tatar for Tripping.
11:57 of 1st period - Nicolas Blanchard wins face-off versus Riley Sheahan in Mustangs zone.
12:39 of 1st period - Slapshot by Frazer Mclaren.
12:39 of 1st period - Shot Misses the Net.
13:56 of 1st period - Penalty to Tomas Tatar is over, Tomas Tatar is back on ice.
14:24 of 1st period - Wrist shot by Joshua Leivo.
14:24 of 1st period - Stopped by Joe Cannata without a rebound.
14:25 of 1st period - Riley Nash wins face-off versus Thomas DiPauli in Demolitions zone.
14:50 of 1st period - Cameron Gaunce is hit by Mike Sauer and loses puck.
15:22 of 1st period - Slapshot by Tomas Tatar.
15:22 of 1st period - Stopped by Joe Cannata with a rebound.
15:58 of 1st period - Backhand shot by Erik Condra.
15:58 of 1st period - Deflect By Vince Rocco.
15:58 of 1st period - Stopped by Peter Mannino without a rebound.
15:59 of 1st period - Vince Rocco wins face-off versus Jim O'Brien in Mustangs zone.
16:02 of 1st period - Wrist shot by Vince Rocco.
16:02 of 1st period - Goal by Vince Rocco - Mustangs : 0 - Demolitions : 1.
16:03 of 1st period - Riley Sheahan wins face-off versus Nicolas Blanchard in neutral zone.
16:38 of 1st period - Snap shot by Jim O'Brien.
16:38 of 1st period - Stopped by Joe Cannata with a rebound.
16:40 of 1st period - Snap shot by Jim O'Brien.
16:40 of 1st period - Stopped by Joe Cannata with a rebound.
16:56 of 1st period - Snap shot by Jack Skille.
16:56 of 1st period - Shot Misses the Net.
17:09 of 1st period - Minor Penalty to Bobby Butler for Tripping.
17:10 of 1st period - Martins Karsums wins face-off versus Riley Sheahan in Demolitions zone.
17:16 of 1st period - Wrist shot by Martins Karsums.
17:16 of 1st period - Shot Misses the Net.
17:24 of 1st period - Slapshot by Derek Joslin.
17:24 of 1st period - Stopped by Joe Cannata with a rebound.
17:26 of 1st period - Snap shot by Tomas Tatar.
17:26 of 1st period - Stopped by Joe Cannata with a rebound.
17:45 of 1st period - Wrist shot by Marcus Foligno.
17:45 of 1st period - Stopped by Joe Cannata without a rebound.
17:46 of 1st period - Martins Karsums wins face-off versus Justin Williams in Demolitions zone.
17:54 of 1st period - Icing by Denis Bodrov.
17:55 of 1st period - Riley Sheahan wins face-off versus Martins Karsums in Mustangs zone.
19:09 of 1st period - Penalty to Bobby Butler is over, Bobby Butler is back on ice.
19:28 of 1st period - Jack Skille is hit by Denis Bodrov and loses puck.
Goals for this period are 0 for Mustangs vs 1 for Demolitions.
Shots for this period are 12 for Mustangs vs 6 for Demolitions.

2nd period


0:01 of 2nd period - Nicolas Blanchard wins face-off versus Riley Sheahan in neutral zone.
0:16 of 2nd period - Wrist shot by Martins Karsums.
0:16 of 2nd period - Shot Misses the Net.
1:24 of 2nd period - Nicolas Blanchard is hit by Josh Jooris and loses puck.
1:39 of 2nd period - Mike Sauer is hit by Andrew Shaw and loses puck.
1:44 of 2nd period - Slapshot by Derek Joslin.
1:44 of 2nd period - Shot Misses the Net.
1:46 of 2nd period - Slapshot by Cameron Gaunce.
1:46 of 2nd period - Deflect By Riley Nash.
1:46 of 2nd period - Shot Misses the Net.
1:46 of 2nd period - Puck is out of play.
1:47 of 2nd period - Riley Nash wins face-off versus Vince Rocco in Demolitions zone.
2:17 of 2nd period - Off-side.
2:18 of 2nd period - Nicolas Blanchard wins face-off versus Andreas Athanasiou in neutral zone.
2:24 of 2nd period - Slapshot by Ian Cole.
2:24 of 2nd period - Shot Misses the Net.
2:26 of 2nd period - Snap shot by Bobby Butler.
2:26 of 2nd period - Stopped by Peter Mannino with a rebound.
2:28 of 2nd period - Snap shot by Martins Karsums.
2:28 of 2nd period - Stopped by Peter Mannino with a rebound.
2:44 of 2nd period - Wrist shot by Billy Sweat.
2:44 of 2nd period - Shot Hit the Post.
2:54 of 2nd period - Snap shot by Denis Bodrov.
2:54 of 2nd period - Shot Misses the Net.
2:56 of 2nd period - Slapshot by Mark Pysyk.
2:56 of 2nd period - Deflect By Jack Skille.
2:56 of 2nd period - Stopped by Joe Cannata with a rebound.
2:58 of 2nd period - Slapshot by Mark Pysyk.
2:58 of 2nd period - Shot Misses the Net.
3:02 of 2nd period - Slapshot by Denis Bodrov.
3:02 of 2nd period - Deflect By Francis Paré.
3:02 of 2nd period - Shot Blocked by Ian Cole.
3:02 of 2nd period - Puck is out of play.
3:03 of 2nd period - Riley Sheahan wins face-off versus Nicolas Blanchard in Demolitions zone.
3:16 of 2nd period - Slapshot by Justin Williams.
3:16 of 2nd period - Shot Misses the Net.
3:18 of 2nd period - Wrist shot by Tomas Tatar.
3:18 of 2nd period - Deflect By Riley Sheahan.
3:18 of 2nd period - Stopped by Joe Cannata with a rebound.
3:29 of 2nd period - Icing by Erik Condra.
3:30 of 2nd period - Jim O'Brien wins face-off versus Vince Rocco in Demolitions zone.
3:37 of 2nd period - Wrist shot by Josh Jooris.
3:37 of 2nd period - Stopped by Joe Cannata with a rebound.
3:59 of 2nd period - Slapshot by Riley Sheahan.
3:59 of 2nd period - Shot Misses the Net.
4:17 of 2nd period - Slapshot by Billy Sweat.
4:17 of 2nd period - Stopped by Peter Mannino without a rebound.
4:18 of 2nd period - Ryan Olsen wins face-off versus Jim O'Brien in Mustangs zone.
4:19 of 2nd period - Snap shot by Billy Sweat.
4:19 of 2nd period - Shot Blocked by Derek Joslin.
4:27 of 2nd period - Slapshot by Derek Joslin.
4:27 of 2nd period - Shot Misses the Net.
4:33 of 2nd period - Backhand shot by Josh Jooris.
4:33 of 2nd period - Shot Blocked by Ian Cole.
5:31 of 2nd period - Wrist shot by Erik Condra.
5:31 of 2nd period - Shot Misses the Net.
5:33 of 2nd period - Wrist shot by Erik Condra.
5:33 of 2nd period - Stopped by Peter Mannino without a rebound.
5:34 of 2nd period - Jim O'Brien wins face-off versus Vince Rocco in Mustangs zone.
5:34 of 2nd period - Jim O'Brien is hit by Mike Sauer.
5:45 of 2nd period - Minor Penalty to Vince Rocco for Roughing.
5:46 of 2nd period - Tomas Tatar wins face-off versus Martins Karsums in Demolitions zone.
7:45 of 2nd period - Penalty to Vince Rocco is over, Vince Rocco is back on ice.
8:07 of 2nd period - Slapshot by Derek Joslin.
8:07 of 2nd period - Deflect By Taylor Aronson.
8:07 of 2nd period - Stopped by Joe Cannata with a rebound.
8:09 of 2nd period - Snap shot by Cameron Gaunce.
8:09 of 2nd period - Shot Misses the Net.
8:11 of 2nd period - Slapshot by Derek Joslin.
8:11 of 2nd period - Stopped by Joe Cannata with a rebound.
8:13 of 2nd period - Slapshot by Cameron Gaunce.
8:13 of 2nd period - Shot Blocked by Jack Skille.
8:15 of 2nd period - Slapshot by Cameron Gaunce.
8:15 of 2nd period - Shot Blocked by Robert Bortuzzo.
8:27 of 2nd period - Martins Karsums is hit by Riley Nash and loses puck.
9:56 of 2nd period - Slapshot by Andrew Campbell.
9:56 of 2nd period - Shot Misses the Net.
10:12 of 2nd period - Eric Knodel is hit by Taylor Aronson and loses puck.
11:05 of 2nd period - Minor Penalty to Brady Skjei for Tripping.
11:06 of 2nd period - Riley Sheahan wins face-off versus Nicolas Blanchard in Mustangs zone.
11:15 of 2nd period - Snap shot by Justin Williams.
11:15 of 2nd period - Shot Blocked by Seth Helgeson.
11:17 of 2nd period - Wrist shot by Justin Williams.
11:17 of 2nd period - Goal by Justin Williams - Mustangs : 1 - Demolitions : 1.
11:18 of 2nd period - Nicolas Blanchard wins face-off versus Justin Williams in neutral zone.
11:33 of 2nd period - Snap shot by Nicolas Blanchard.
11:33 of 2nd period - Stopped by Peter Mannino without a rebound.
11:34 of 2nd period - Justin Williams wins face-off versus Nicolas Blanchard in Mustangs zone.
11:43 of 2nd period - Snap shot by Ian Cole.
11:43 of 2nd period - Stopped by Peter Mannino without a rebound.
11:44 of 2nd period - Martins Karsums wins face-off versus Justin Williams in Mustangs zone.
12:11 of 2nd period - Wrist shot by Martins Karsums.
12:11 of 2nd period - Deflect By Nicolas Blanchard.
12:11 of 2nd period - Shot Misses the Net.
12:11 of 2nd period - Puck is out of play.
12:12 of 2nd period - Vince Rocco wins face-off versus Justin Williams in Mustangs zone.
12:15 of 2nd period - Slapshot by Erik Condra.
12:15 of 2nd period - Stopped by Peter Mannino without a rebound.
12:16 of 2nd period - Justin Williams wins face-off versus Vince Rocco in Mustangs zone.
12:45 of 2nd period - Denis Bodrov is hit by Nicolas Blanchard and loses puck.
13:05 of 2nd period - Penalty to Brady Skjei is over, Brady Skjei is back on ice.
13:10 of 2nd period - Slapshot by Ian Cole.
13:10 of 2nd period - Stopped by Peter Mannino without a rebound.
13:11 of 2nd period - Jim O'Brien wins face-off versus Ryan Olsen in Mustangs zone.
13:18 of 2nd period - Wrist shot by Marcus Foligno.
13:18 of 2nd period - Shot Misses the Net.
13:39 of 2nd period - Slapshot by Bobby Butler.
13:39 of 2nd period - Stopped by Peter Mannino with a rebound.
14:22 of 2nd period - Jack Skille is hit by Josh Jooris and loses puck.
14:49 of 2nd period - Slapshot by Mark Pysyk.
14:49 of 2nd period - Shot Blocked by Martins Karsums.
15:41 of 2nd period - Snap shot by Josh Jooris.
15:41 of 2nd period - Shot Misses the Net.
15:43 of 2nd period - Slapshot by Jim O'Brien.
15:43 of 2nd period - Stopped by Joe Cannata with a rebound.
15:45 of 2nd period - Snap shot by Jim O'Brien.
15:45 of 2nd period - Shot Misses the Net.
15:55 of 2nd period - Minor Penalty to Mike Sauer for Close Hand On Puck.
15:56 of 2nd period - Martins Karsums wins face-off versus Riley Sheahan in Demolitions zone.
16:31 of 2nd period - Seth Helgeson is hit by Jim O'Brien and loses puck.
17:44 of 2nd period - Derek Joslin is hit by Jack Skille and loses puck.
17:55 of 2nd period - Penalty to Mike Sauer is over, Mike Sauer is back on ice.
18:25 of 2nd period - Slapshot by Andrew Shaw.
18:25 of 2nd period - Stopped by Joe Cannata with a rebound.
19:10 of 2nd period - Icing by Josh Jooris.
19:11 of 2nd period - Jim O'Brien wins face-off versus Thomas DiPauli in Mustangs zone.
19:46 of 2nd period - Slapshot by Billy Sweat.
19:46 of 2nd period - Shot Blocked by Joe Finley.
19:48 of 2nd period - Slapshot by Jack Skille.
19:48 of 2nd period - Shot Misses the Net.
19:50 of 2nd period - Slapshot by Jack Skille.
19:50 of 2nd period - Shot Misses the Net.
19:52 of 2nd period - Wrist shot by Ian Cole.
19:52 of 2nd period - Shot Misses the Net.
19:54 of 2nd period - Snap shot by Jack Skille.
19:54 of 2nd period - Shot Misses the Net.
19:56 of 2nd period - Snap shot by Ryan Olsen.
19:56 of 2nd period - Stopped by Peter Mannino with a rebound.
Goals for this period are 1 for Mustangs vs 0 for Demolitions.
Shots for this period are 8 for Mustangs vs 10 for Demolitions.

3rd period


0:01 of 3rd period - Riley Sheahan wins face-off versus Nicolas Blanchard in neutral zone.
0:05 of 3rd period - Off-side.
0:06 of 3rd period - Riley Sheahan wins face-off versus Nicolas Blanchard in neutral zone.
0:32 of 3rd period - Derek Joslin is hit by Jack Skille and loses puck.
1:00 of 3rd period - Snap shot by Frazer Mclaren.
1:00 of 3rd period - Shot Misses the Net.
1:14 of 3rd period - Wrist shot by Josh Jooris.
1:14 of 3rd period - Shot Misses the Net.
2:20 of 3rd period - Backhand shot by Mark Pysyk.
2:20 of 3rd period - Deflect By Joshua Leivo.
2:20 of 3rd period - Stopped by Joe Cannata with a rebound.
2:29 of 3rd period - Icing by Joshua Leivo.
2:30 of 3rd period - Riley Nash wins face-off versus Frazer Mclaren in Mustangs zone.
2:35 of 3rd period - Snap shot by Erik Condra.
2:35 of 3rd period - Stopped by Peter Mannino with a rebound.
2:37 of 3rd period - Slapshot by Vince Rocco.
2:37 of 3rd period - Shot Misses the Net.
2:39 of 3rd period - Wrist shot by Frazer Mclaren.
2:39 of 3rd period - Deflect By Erik Condra.
2:39 of 3rd period - Stopped by Peter Mannino with a rebound.
2:41 of 3rd period - Snap shot by Mike Sauer.
2:41 of 3rd period - Stopped by Peter Mannino without a rebound.
2:42 of 3rd period - Jim O'Brien wins face-off versus Martins Karsums in Mustangs zone.
2:42 of 3rd period - Jim O'Brien is hit by Nicolas Blanchard.
3:21 of 3rd period - Justin Williams is hit by Frazer Mclaren and loses puck.
4:04 of 3rd period - Wrist shot by Bobby Butler.
4:04 of 3rd period - Stopped by Peter Mannino with a rebound.
4:28 of 3rd period - Slapshot by Mark Pysyk.
4:28 of 3rd period - Shot Blocked by Ian Cole.
4:34 of 3rd period - Riley Sheahan is hit by Seth Helgeson and loses puck.
4:51 of 3rd period - Slapshot by Mark Pysyk.
4:51 of 3rd period - Stopped by Joe Cannata without a rebound.
4:52 of 3rd period - Nicolas Blanchard wins face-off versus Riley Nash in Demolitions zone.
5:22 of 3rd period - Slapshot by Ian Cole.
5:22 of 3rd period - Shot Blocked by Eric Knodel.
5:24 of 3rd period - Snap shot by Vince Rocco.
5:24 of 3rd period - Deflect By Erik Condra.
5:24 of 3rd period - Stopped by Peter Mannino with a rebound.
5:46 of 3rd period - Wrist shot by Tomas Tatar.
5:46 of 3rd period - Deflect By Riley Sheahan.
5:46 of 3rd period - Shot Misses the Net.
5:46 of 3rd period - Puck is out of play.
5:47 of 3rd period - Jim O'Brien wins face-off versus Nicolas Blanchard in Demolitions zone.
6:17 of 3rd period - Snap shot by Erik Condra.
6:17 of 3rd period - Stopped by Peter Mannino with a rebound.
6:37 of 3rd period - Snap shot by Curtis Hamilton.
6:37 of 3rd period - Shot Misses the Net.
6:39 of 3rd period - Wrist shot by Curtis Hamilton.
6:39 of 3rd period - Deflect By Francis Paré.
6:39 of 3rd period - Shot Blocked by Ian Cole.
6:39 of 3rd period - Puck is out of play.
6:40 of 3rd period - Nicolas Blanchard wins face-off versus Riley Sheahan in Demolitions zone.
6:51 of 3rd period - Martins Karsums is hit by Justin Williams.
7:06 of 3rd period - Marcus Foligno is hit by Mike Sauer and loses puck.
7:13 of 3rd period - Snap shot by Vince Rocco.
7:13 of 3rd period - Stopped by Peter Mannino with a rebound.
7:15 of 3rd period - Snap shot by Frazer Mclaren.
7:15 of 3rd period - Stopped by Peter Mannino with a rebound.
7:55 of 3rd period - Brady Skjei is hit by Robert Bortuzzo and loses puck.
8:28 of 3rd period - Josh Jooris is hit by Andrew Campbell.
8:36 of 3rd period - Eric Knodel is hit by Nicolas Blanchard and loses puck.
8:55 of 3rd period - Snap shot by Jack Skille.
8:55 of 3rd period - Shot Misses the Net.
10:41 of 3rd period - Tomas Tatar is hit by Billy Sweat.
11:04 of 3rd period - Joshua Leivo is hit by Nicolas Blanchard and loses puck.
11:29 of 3rd period - Snap shot by Josh Jooris.
11:29 of 3rd period - Stopped by Joe Cannata with a rebound.
11:31 of 3rd period - Slapshot by Mark Pysyk.
11:31 of 3rd period - Shot Misses the Net.
11:33 of 3rd period - Snap shot by Denis Bodrov.
11:33 of 3rd period - Shot Misses the Net.
12:11 of 3rd period - Icing by Andreas Athanasiou.
12:12 of 3rd period - Martins Karsums wins face-off versus Riley Nash in Mustangs zone.
12:41 of 3rd period - Wrist shot by Martins Karsums.
12:41 of 3rd period - Shot Blocked by Joshua Leivo.
13:01 of 3rd period - Wrist shot by Joshua Leivo.
13:01 of 3rd period - Stopped by Joe Cannata with a rebound.
13:03 of 3rd period - Snap shot by Andrew Shaw.
13:03 of 3rd period - Deflect By Riley Nash.
13:03 of 3rd period - Deflect By Andrew Campbell.
13:03 of 3rd period - Shot Blocked by Mike Sauer.
13:03 of 3rd period - Puck is out of play.
13:04 of 3rd period - Vince Rocco wins face-off versus Riley Sheahan in Demolitions zone.
13:18 of 3rd period - Backhand shot by Tomas Tatar.
13:18 of 3rd period - Stopped by Joe Cannata with a rebound.
13:20 of 3rd period - Snap shot by Cameron Gaunce.
13:20 of 3rd period - Shot Blocked by Taylor Aronson.
13:30 of 3rd period - Jim O'Brien is hit by Jack Skille and loses puck.
13:55 of 3rd period - Taylor Aronson is hit by Francis Paré.
14:07 of 3rd period - Snap shot by Justin Williams.
14:07 of 3rd period - Stopped by Joe Cannata with a rebound.
14:09 of 3rd period - Slapshot by Denis Bodrov.
14:09 of 3rd period - Stopped by Joe Cannata without a rebound.
14:10 of 3rd period - Vince Rocco wins face-off versus Riley Sheahan in Demolitions zone.
14:23 of 3rd period - Snap shot by Justin Williams.
14:23 of 3rd period - Stopped by Joe Cannata with a rebound.
14:35 of 3rd period - Cameron Gaunce is hit by Billy Sweat and loses puck.
14:40 of 3rd period - Wrist shot by Jack Skille.
14:40 of 3rd period - Deflect By Billy Sweat.
14:40 of 3rd period - Stopped by Peter Mannino with a rebound.
14:47 of 3rd period - Minor Penalty to Mike Sauer for Tripping.
14:48 of 3rd period - Riley Sheahan wins face-off versus Martins Karsums in Demolitions zone.
15:03 of 3rd period - Ian Cole is hit by Tomas Tatar and loses puck.
16:47 of 3rd period - Penalty to Mike Sauer is over, Mike Sauer is back on ice.
17:08 of 3rd period - Seth Helgeson is hit by Derek Joslin and loses puck.
17:57 of 3rd period - Denis Bodrov is hit by Erik Condra and loses puck.
18:44 of 3rd period - Wrist shot by Billy Sweat.
18:44 of 3rd period - Stopped by Peter Mannino without a rebound.
18:45 of 3rd period - Riley Nash wins face-off versus Thomas DiPauli in Mustangs zone.
Goals for this period are 0 for Mustangs vs 0 for Demolitions.
Shots for this period are 8 for Mustangs vs 10 for Demolitions.

Overtime #1


0:01 of 1st overtime period - Justin Williams wins face-off versus Martins Karsums in neutral zone.
0:04 of 1st overtime period - Slapshot by Cameron Gaunce.
0:04 of 1st overtime period - Stopped by Joe Cannata without a rebound.
0:05 of 1st overtime period - Justin Williams wins face-off versus Martins Karsums in Demolitions zone.
0:10 of 1st overtime period - Slapshot by Riley Sheahan.
0:10 of 1st overtime period - Shot Misses the Net.
0:20 of 1st overtime period - Snap shot by Martins Karsums.
0:20 of 1st overtime period - Shot Blocked by Cameron Gaunce.
0:22 of 1st overtime period - Slapshot by Seth Helgeson.
0:22 of 1st overtime period - Shot Misses the Net.
0:37 of 1st overtime period - Icing by Seth Helgeson.
0:38 of 1st overtime period - Martins Karsums wins face-off versus Justin Williams in Demolitions zone.
1:13 of 1st overtime period - Snap shot by Tomas Tatar.
1:13 of 1st overtime period - Shot Misses the Net.
1:15 of 1st overtime period - Slapshot by Denis Bodrov.
1:15 of 1st overtime period - Deflect By Jack Skille.
1:15 of 1st overtime period - Stopped by Joe Cannata with a rebound.
1:28 of 1st overtime period - Icing by Justin Williams.
1:29 of 1st overtime period - Martins Karsums wins face-off versus Roman Horak in Mustangs zone.
1:54 of 1st overtime period - Slapshot by Derek Joslin.
1:54 of 1st overtime period - Shot Blocked by Josh Beaulieu.
1:56 of 1st overtime period - Slapshot by Cameron Gaunce.
1:56 of 1st overtime period - Deflect By Seth Helgeson.
1:56 of 1st overtime period - Stopped by Joe Cannata with a rebound.
1:58 of 1st overtime period - Wrist shot by Marcus Foligno.
1:58 of 1st overtime period - Goal by Marcus Foligno - Mustangs : 2 - Demolitions : 1.
Goals for this period are 1 for Mustangs vs 0 for Demolitions.
Shots for this period are 4 for Mustangs vs 0 for Demolitions.